 Dungeon Crawl Stone Soup version 0.29-a0-330-g52719c12eb (webtiles) character file.

Game seed: 10603386262916902246

35 Flugslaktarn the Stinger (level 3, 0/24 HPs)
             Began as a Human Venom Mage on Apr 13, 2022.
             Slain by a centaur (1 damage)
             ... on level 4 of the Dungeon.
             The game lasted 00:02:32 (657 turns).

Flugslaktarn the Stinger (Human Venom Mage)          Turns: 657, Time: 00:02:32

Health: 0/24       AC:  3    Str:  8    XL:     3   Next: 55%
Magic:  0/6        EV: 12    Int: 17    God:
Gold:   38         SH:  0    Dex: 13    Spells: 4/7 levels left

rFire   . . .      SeeInvis .   f - +0 short sword
rCold   + . .      Faith    .   (no shield)
rNeg    . . .      Spirit   .   a - +0 robe
rPois   .          Reflect  .   (no helmet)
rElec   .          Harm     .   (no cloak)
rCorr   .          Rampage  .   (no gloves)
Will    .....                   e - +0 pair of boots
Stlth   ++........              (no amulet)
HPRegen 0.08/turn               p - ring of protection from cold
MPRegen 0.10/turn               (no ring)

@: hasted, very quick
A: talons 1, mutation resistance 1
a: no special abilities


You were on level 4 of the Dungeon.
You visited 1 branch of the dungeon, and saw 4 of its levels.

You collected 38 gold pieces.

Inventory:

Hand Weapons
 f - a +0 short sword (weapon)
   (You took it off a kobold on level 2 of the Dungeon)
Armour
 a - a +0 robe (worn)
 e - a +0 pair of boots (worn)
   (You found it on level 2 of the Dungeon)
 g - the +1 pair of gloves of Greater Demons {+Blink +Inv Int-5}
   (You found it on level 3 of the Dungeon)

   Int:       It affects your intelligence (-5).
   +Inv:      It lets you turn invisible.
   +Blink:    It lets you blink.
Jewellery
 p - a ring of protection from cold (left hand)
   (You found it on level 4 of the Dungeon)
Scrolls
 d - a scroll of magic mapping {unknown}
 r - a scroll of identify
 t - 2 scrolls of teleportation
Potions
 b - 2 potions of magic
 c - a potion of mutation


   Skills:
 - Level 2.0 Dodging
 - Level 2.0 Stealth
 + Level 2.5 Spellcasting
 - Level 2.0 Transmutations
 * Level 0.0 Air Magic
 + Level 3.4 Poison Magic


You had 4 spell levels left.
You knew the following spells:

 Your Spells              Type           Power      Damage    Failure   Level
a - Sting                 Tmut/Pois      44%        1d5       6%          1
b - Poisonous Vapours     Pois/Air       16%        N/A       14%         2

Your spell library contained the following spells:

 Spells                   Type           Power      Damage    Failure   Level
 Mephitic Cloud           Conj/Pois/Air  6%         N/A       34%         3
 Olgreb's Toxic Radiance  Pois           14%        N/A       41%         4


Dungeon Overview and Level Annotations

Branches:
Dungeon (4/15)
 Temple: D:4-7

Altars:
Gozag


Innate Abilities, Weirdness & Mutations

You have sharp toenails.
You are somewhat resistant to further mutation.


Message History

Found a pair of steaming gloves.
There is an open door here.
g - the +1 pair of gloves of Greater Demons {+Blink +Inv Int-5}
Found a stone staircase leading down.
There is a stone staircase leading down here.
You climb downwards.
There is a stone staircase leading up here.
Casting: Sting (safe; 6% risk of failure)
Confirm with . or Enter, or press ? or * to list all spells.
Aiming: Sting (safe; 6% risk of failure)
Press: ? - help, Shift-Dir - straight line, f - ball python
Aim: a ball python (asleep, 100% to hit)
The sting hits the ball python.
The ball python is poisoned.
You kill the ball python!
Casting: Sting (safe; 6% risk of failure)
Confirm with . or Enter, or press ? or * to list all spells.
You can't see any susceptible monsters within range! (Use Z to cast anyway.)
Found a stone staircase leading down.
You are a level 3 Human Venom Mage.
You are 55% of the way to level 4.
Play time: 00:02:06 (621 turns).
Zot will find you in 23378 turns if you stay in this branch and explore no new floors.
Unknown command.
Found a yellow potion.
Found a jade ring.
There is a stone staircase leading down here.
p - a ring of protection from cold
h - a yellow potion
p - a ring of protection from cold (left hand)
Okay, then.
Memorise Poisonous Vapours, consuming 2 spell levels and leaving 4?
You start memorising the spell.
You continue memorising. x2
You finish memorising.
Spell assigned to 'b'.
A centaur comes into view.
The centaur shouts!
You hear an angry hiss.
The centaur wields a +0 shortbow.
The centaur shoots an arrow.
The arrow closely misses you.
You aren't carrying any items that you can evoke.
Unknown command.
Your magic is already full.
Unknown command.
It was a potion of mutation.
You feel extremely strange.
Your toenails lengthen and sharpen.
You feel genetically stable.
The centaur shoots an arrow.
The arrow hits you.
The centaur shoots an arrow.
The arrow hits you.
* * * LOW HITPOINT WARNING * * *
The centaur unwields a +0 shortbow.
The centaur hits you but does no damage.
The centaur barely misses you.
Unknown command.
Casting: Sting (safe; 6% risk of failure)
Confirm with . or Enter, or press ? or * to list all spells.
Aiming: Poisonous Vapours (safe; 14% risk of failure)
Press: ? - help, Dir - move target, f - centaur
Aim: a centaur Poisonous vapours surround the centaur!
The centaur is poisoned.
The centaur barely misses you. The centaur closely misses you.
Casting: Poisonous Vapours (safe; 14% risk of failure)
Confirm with . or Enter, or press ? or * to list all spells.
Aiming: Poisonous Vapours (safe; 14% risk of failure)
Press: ? - help, Dir - move target, f/p - centaur
Aim: a centaur (lightly wounded, poisoned) Poisonous vapours surround the centaur!
The centaur looks even sicker.
The centaur closely misses you.
The centaur kicks you but does no damage.
The centaur barely misses you.
The centaur kicks you but does no damage.
Casting: Poisonous Vapours (safe; 14% risk of failure)
Confirm with . or Enter, or press ? or * to list all spells.
Aiming: Sting (safe; 6% risk of failure)
Press: ? - help, Shift-Dir - straight line, f/p - centaur
Aim: a centaur (very poisoned, 83% to hit)
The sting hits the centaur but does no damage.
The centaur looks even sicker.
The centaur closely misses you. The centaur barely misses you.
Casting: Sting (safe; 6% risk of failure)
Confirm with . or Enter, or press ? or * to list all spells.
Aiming: Sting (safe; 6% risk of failure)
Press: ? - help, Shift-Dir - straight line, f/p - centaur
Aim: a centaur (very poisoned, 83% to hit)
The sting misses the centaur.
The centaur hits you.
* * * LOW HITPOINT WARNING * * *
The centaur misses you. The centaur hits you.
* * * LOW HITPOINT WARNING * * *
The centaur kicks you but does no damage.
Unknown command.
It was a potion of haste.
You feel yourself speed up.
The centaur hits you but does no damage.
The centaur kicks you but does no damage.
Unknown command.
Okay, then.
You hit the centaur but do no damage.
The centaur hits you but does no damage.
The centaur closely misses you. The centaur barely misses you.
The centaur kicks you.
* * * LOW HITPOINT WARNING * * *
Unknown command.
You hit the centaur but do no damage.
The centaur is lightly wounded.
The centaur barely misses you. The centaur kicks you.
You die...

#.. #.# #.# ######### #.#
#.......# #.# . .
#.......####.######..# ..
#......>.............#.#
#.......####.#........
#######.#...@#†####.##..#
#......c...<.......
#......#.#.##..#..#
######.#.#... .#
....#.##.## ######.# .#
..# .. ..# # ...


You could see a centaur (very poisoned).

Vanquished Creatures
  An adder (D:2)
  A worm (D:2)
  A dart slug (D:1)
  3 bats
  3 endoplasms (D:2)
  2 giant cockroaches
  A goblin (D:2)
  A hobgoblin (D:2)
  A kobold (D:2)
  3 ball pythons
  A frilled lizard (D:2)
  4 rats
22 creatures vanquished.

Notes
Turn   | Place    | Note
-------+----------+-------------------------------------------
     0 | D:1      | Flugslaktarn the Human Venom Mage began the quest for the
                  | Orb.
     0 | D:1      | Reached XP level 1. HP: 13/13 MP: 3/3
    61 | D:1      | Reached XP level 2. HP: 10/19 MP: 0/5
   329 | D:2      | Reached XP level 3. HP: 7/24 MP: 0/6
   389 | D:2      | Found an opulent altar of Gozag.
   600 | D:3      | Identified the +1 pair of gloves of Greater Demons {+Blink
                  | +Inv Int-5}
   637 | D:4      | Learned a level 2 spell: Poisonous Vapours
   645 | D:4      | Noticed a centaur
   649 | D:4      | Gained mutation: You have sharp toenails. [potion of
                  | mutation]
   649 | D:4      | Gained mutation: You are somewhat resistant to further
                  | mutation. [potion of mutation]
   656 | D:4      | HP: 1/24 [centaur (2)]
   657 | D:4      | Slain by a centaur

Illustrated notes

Levels and vault maps discovered:
D:1:      lemuel_arrival_tunnels, layout_rooms,
          hellmonk_ecumenical_altar_heavens_door
D:2:      layout_basic, basic_altar, chequers_serial_rivers_small_3
D:3:      layout_loops_corners, mainiacjoe_overflow_boulevard, serial_shops,
          nicolae_shop_hallway_plus, serial_bayou_pond_b
D:4:      layout_basic, uniq_natasha, uniq_eustachio, uniq_duvessa, uniq_grinder

Skill      XL: |  1 |
---------------+----+-----
Transmutations | 2 |  2.0
Dodging        | |  2.0
Stealth        | |  2.0
Spellcasting   | |  2.5
Poison Magic   | |  3.4

Action                   || total
-------------------------++-------
Melee: Unarmed           ||    30
       Short sword       ||     2
 Cast: Sting             ||    42
       Poisonous Vapours ||     2
  Use: Scroll            ||     1
       Potion            ||     2
Armor: Robe              ||    19
Dodge: Dodged            ||    40

Table legend: (Time is in decaauts)
 A = Elapsed time spent in this place.
 B = Non-inter-level travel time spent in this place.
 C = Inter-level travel time spent in this place.
 D = Time resting spent in this place.
 E = Time spent auto-exploring this place.
 F = Levels seen in this place.
 G = Mean time per level.
                   A        B        C        D        E       F      G
               +--------+--------+--------+--------+--------+-----+--------+
         Total |    656 |    649 |      7 |      0 |      0 |   4 |  164.0 |
       Dungeon |    656 |    649 |      7 |      0 |      0 |   4 |  164.0 |
               +--------+--------+--------+--------+--------+-----+--------+

Top non-repeatable levels by time:
     D:2: 523 daAuts
     D:1: 63 daAuts
     D:4: 45 daAuts
     D:3: 25 daAuts
